 Dungeon Crawl Stone Soup version 0.20-a0-809-gaf7f668 (webtiles) character file.

150 Firecrotchwizard the Poker (level 5, -1/41 HPs)
             Began as a Merfolk Skald on Mar 3, 2017.
             Slain by acidosis4's ghost (7 damage)
             ... on level 4 of the Dungeon.
             The game lasted 00:07:04 (3160 turns).

Firecrotchwizard the Poker (Merfolk Skald)          Turns: 3160, Time: 00:07:04

Health: -1/41      AC:  7    Str: 11    XL:     5   Next: 32%
Magic:  3/8        EV: 14    Int: 14    God:
Gold:   121        SH:  0    Dex: 13    Spells: 5/8 levels left

rFire    . . .     SeeInvis .   a - +0 spear
rCold    . . .     Gourm    .   k - +2 robe {MR+}
rNeg     . . .     Faith    .   (no shield)
rPois    .         Spirit   .   u - +2 helmet
rElec    .         Reflect  .   (no cloak)
rCorr    .         Harm     .   (no gloves)
MR       +....                  (no boots)
Stlth    +.........             (no amulet)
Regen    0.2/turn               (no ring)
MPRegen  0.2/turn               (no ring)

@: very slightly contaminated
A: change form in water, swift swim, stealthy swim
a: no special abilities


You were on level 4 of the Dungeon.
You were not hungry.

You visited 1 branch of the dungeon, and saw 4 of its levels.

You collected 121 gold pieces.

Inventory:

Hand Weapons
 a - a +0 spear (weapon)
Armour
 b - a +0 leather armour
 k - a +2 robe of magic resistance (worn)
 u - a +2 helmet (worn)
Scrolls
 e - a scroll of remove curse
 f - a scroll of fear
 m - a scroll of enchant armour
Potions
 g - 3 potions of might
 h - 2 potions of flight
 j - a potion of ambrosia {unknown}
 l - 2 potions of curing
 n - a potion of magic {unknown}
 r - 2 potions of haste
 s - a potion of agility {unknown}
 x - a potion of berserk rage {unknown}
Books
 c - a book of Battle

   Spells                             Type                      Level
   a - Infusion                       Charms                       1
   b - Shroud of Golubria             Charms/Translocation         2
   c - Song of Slaying                Charms                       2
   d - Spectral Weapon                Hexes/Charms                 3
   e - Regeneration                   Charms/Necromancy            3
Comestibles
 d - 2 bread rations
 o - a meat ration
 p - 4 fruits


   Skills:
 + Level 3.2 Fighting
 * Level 6.1 Polearms
 - Level 0.6 Armour
 + Level 4.0 Dodging
 - Level 2.0 Spellcasting
 - Level 3.2 Charms


You had 5 spell levels left.
You knew the following spells:

 Your Spells              Type           Power        Failure   Level  Hunger
a - Infusion              Chrm           ##..         10%         1    ##.....
b - Shroud of Golubria    Chrm/Tloc      #.........   21%         2    ###....


Dungeon Overview and Level Annotations

Branches:
Dungeon (4/15)
 Temple: D:4-7

Altars:
Cheibriados

Annotations:
D:4 acidosis4's ghost, amateur OgBe


Message History

Your shroud bends acidosis4's ghost's attack away.
You hit acidosis4's ghost.
Acidosis4's ghost is lightly damaged.
You barely miss acidosis4's ghost.
Acidosis4's ghost is lightly damaged.
Acidosis4's ghost hits you!
You are too injured to fight recklessly!
You are too injured to fight recklessly!
You are too injured to fight recklessly!
You are too injured to fight recklessly!
You are too injured to fight recklessly!
You closely miss acidosis4's ghost.
Acidosis4's ghost is lightly damaged.
Acidosis4's ghost hits you!
* * * LOW HITPOINT WARNING * * *
Your shroud falls apart!
You closely miss acidosis4's ghost.
Acidosis4's ghost is lightly damaged.
Acidosis4's ghost hits you!
You die...

#####
##...##
##.....##
#.$.@...#
#...W.....#
#........##
##..........
#.....####.
)...[..
#.......#
#.......#


You could see acidosis4's ghost.

Vanquished Creatures
  Ijyb (D:2)
  5 adders
  An ooze (D:1)
  2 worms
  A dart slug (D:1)
  2 leopard geckos (D:1)
  5 orcs (D:3)
  A ball python (D:1)
  8 bats
  6 giant cockroaches
  8 goblins
  3 hobgoblins
  11 kobolds
  3 frilled lizards
  4 rats
61 creatures vanquished.

Notes
Turn   | Place    | Note
-------+----------+-------------------------------------------
     0 | D:1      | Firecrotchwizard the Merfolk Skald began the quest for the Orb.
     0 | D:1      | Reached XP level 1. HP: 16/16 MP: 3/3
   355 | D:1      | Reached XP level 2. HP: 11/23 MP: 5/5
   572 | D:1      | Reached skill level 4 in Polearms
   576 | D:1      | Learned a level 2 spell: Shroud of Golubria
   879 | D:1      | Reached XP level 3. HP: 28/28 MP: 6/6
  1388 | D:2      | Reached skill level 5 in Polearms
  1559 | D:2      | Reached XP level 4. HP: 25/34 MP: 3/7
  1936 | D:2      | Noticed Ijyb
  1962 | D:2      | Killed Ijyb
  2302 | D:3      | Found a snail-covered altar of Cheibriados.
  2485 | D:3      | Reached XP level 5. HP: 41/41 MP: 8/8
  2571 | D:3      | Reached skill level 6 in Polearms
  3141 | D:4      | Noticed acidosis4's ghost (amateur OgBe)
  3160 | D:4      | Slain by acidosis4's ghost

Vault maps used:
D:1:      dpeg_arrival_arbitrary_b
D:2:      first_bread, serial_bayou_lake_a, uniq_iyjb
D:3:      cheibriados_altar_1
D:4:      temple_fountains, amethyst_killhole

Skill      XL: |  1  2  3  4  5 |
---------------+----------------+-----
Polearms       | 4 5 6 |  6.1
Dodging        | 3 4 |  4.0
Fighting       | 3 |  3.2
Armour         | |  0.6
Spellcasting   | |  2.0
Charms         | |  3.2

Action                   |  1- 3 |  4- 6 || total
-------------------------+-------+-------++-------
Melee: Spear             |   150 |   167 ||   317
 Cast: Shroud of Golubri |     2 |     6 ||     8
       Infusion          |     1 |       ||     1
  Use: Scroll            |       |    12 ||    12
 Stab: Sleeping          |     3 |     3 ||     6
  Eat: Chunk             |     2 |     6 ||     8
Armor: Leather armour    |    24 |       ||    24
       Robe              |     5 |    29 ||    34
Dodge: Dodged            |    79 |    58 ||   137
